[Event "*** SCC Grand Prix: Titled Tuesday Blitz"]
[Site "Chess.com"]
[Date "2020.06.09"]
[Round "7"]
[White "Kolle05"]
[Black "Vision_64"]
[Result "1-0"]
[WhiteElo "2368"]
[BlackElo "2154"]
[TimeControl "180+1"]
[EndTime "10:18:01 PDT"]
[Termination "Kolle05 won by checkmate"]

1. e4 c5 2. Nf3 Nc6 3. d4 cxd4 4. Nxd4 Nf6 5. Nc3 e5 6. Ndb5 d6 7. Bg5 a6 8. Na3 b5 9. Nd5 Be7 10. Bxf6 Bxf6 11. c3 O-O 12. h4 Be6 13. Nc2 Bxd5 14. Qxd5 Ne7 15. Qd3 d5 16. O-O-O dxe4 17. Qxe4 Qb6 18.
Bd3 g6 19. h5 Bg5+ 20. Kb1 Qe6 21. hxg6 fxg6 22. Nd4 Qf6 23. Nf3 Rad8 24. Bc2 Bf4 25.
Bb3+ Kg7 26. Rxd8 Rxd8 27. g3 Bg5 28. Nxe5 Qxf2 29. Nf7 Rd2 30. Nxg5 Rxb2+ 31. Ka1 Re2 32. Rxh7+ Kf6 33. Rf7+ Kxg5 34. Qh4# 1-0

[Event "*** SCC Grand Prix: Titled Tuesday Blitz"]
[Site "Chess.com"]
[Date "2020.06.09"]
[Round "7"]
[White "PattyCastillo"]
[Black "AttilaTurzo"]
[Result "0-1"]
[WhiteElo "1914"]
[BlackElo "2478"]
[TimeControl "180+1"]
[EndTime "10:18:01 PDT"]
[Termination "AttilaTurzo won on time"]

1. d4 Nf6 2. Nf3 g6 3. Nc3 d5 4.
Bf4 Bg7 5. e3 O-O 6. Be2 c5 7.
O-O Nc6 8. h3 b6 9. Bb5 Bb7 10.
a4 a6 11. Be2 Rc8 12. dxc5 bxc5 13. Ne5 d4 14. exd4 cxd4 15. Nb1 Nd5 16. Nxc6 Rxc6 17.
Bg3 e5 18. Bf3 f5 19. Bxd5+ Qxd5 20. Nc3 Qc4 21. Ne2 Qxc2 22. Rc1 Qxb2 23. Rb1 Qa2 24. Rxb7 Rc2 25. Rxg7+ Kxg7 26. Bxe5+ Kg8 27. Nxd4 Rd2 28. Qf3 Qc4 29. Qf4 Rd8 30. Qh6 Rd7 31. Nxf5 Qf7 32. Nh4 Rd1 0-1

[Event "*** SCC Grand Prix: Titled Tuesday Blitz"]
[Site "Chess.com"]
[Date "2020.06.09"]
[Round "7"]
[White "vanyakuba"]
[Black "topotun"]
[Result "0-1"]
[WhiteElo "2453"]
[BlackElo "2616"]
[TimeControl "180+1"]
[EndTime "10:18:02 PDT"]
[Termination "topotun won on time"]

1. e4 c5 2. Nc3 Nc6 3. f4 e6 4.
Nf3 d5 5. Bb5 Ne7 6. Ne5 Bd7 7.
Nxd7 Qxd7 8. d3 a6 9. Bxc6 Nxc6 10. O-O d4 11. Ne2 f5 12. a4 b6 13. Kh1 Be7 14. Ng3 g6 15. Bd2 O-O 16. Qf3 b5 17. axb5 axb5 18.
exf5 exf5 19. Rfe1 Bf6 20. Kg1 Kf7 21. Nf1 c4 22. g3 c3 23. bxc3 dxc3 24. Be3 b4 25. Bc5 Bd4+ 26. Bxd4 Nxd4 27. Qg2 Rxa1 28. Rxa1 Re8 29.
Ra8 Re2 30. Qh3 h5 0-1

[Event "*** SCC Grand Prix: Titled Tuesday Blitz"]
[Site "Chess.com"]
[Date "2020.06.09"]
[Round "7"]
[White "Maghalashvili"]
[Black "FairChess_on_YouTube"]
[Result "1-0"]
[WhiteElo "2777"]
[BlackElo "3007"]
[TimeControl "180+1"]
[EndTime "10:18:05 PDT"]
[Termination "Maghalashvili won by resignation"]

1. Nf3 b5 2. e4 a6 3. d4 Bb7 4.
Bd3 e6 5. O-O d5 6. e5 c5 7. c3 Nc6 8. a4 c4 9. axb5 axb5 10.
Rxa8 Qxa8 11. Bc2 b4 12. b3 Nge7 13. bxc4 dxc4 14. Nbd2 b3 15. Nxc4 bxc2 16. Nd6+ Kd7 17. Qxc2 Nd8 18. Nxb7 Nxb7 19. c4 Nf5 20. Bb2 Nd8 21. Ra1 Qb7 22. Qa4+ Qc6 23. Qa7+ Qb7 24. Qa4+ Qc6 25. Qa7+ Qb7 26. d5 Qxa7 27. Rxa7+ Kc8 28.
d6 Kb8 29. Rd7 Kc8 30. Rc7+ Kb8 31. c5 Nb7 32. c6 Na5 33. Bc3 Nb3 34. Rb7+ 1-0

[Event "*** SCC Grand Prix: Titled Tuesday Blitz"]
[Site "Chess.com"]
[Date "2020.06.09"]
[Round "7"]
[White "Matibar"]
[Black "TregubovP"]
[Result "0-1"]
[WhiteElo "2703"]
[BlackElo "2575"]
[TimeControl "180+1"]
[EndTime "10:18:06 PDT"]
[Termination "TregubovP won by resignation"]

1. e4 e6 2. d4 d5 3. Nc3 Bb4 4. e5 c5 5. a3 Ba5 6. Bd2 Nc6 7. Nb5 Nxd4 8. Nxd4 cxd4 9. Nf3 Ne7 10. Bxa5 Qxa5+ 11. b4 Qc7 12. Qxd4 O-O 13. Bd3 Nc6 14. Qh4 h6 15. Qh5 f5 16. exf6 Rxf6 17. O-O Bd7 18. b5 Nd8 19. Ne5 Nf7 20. Ng4 Rf4 21. g3 Ra4 22.
Qg6 Kf8 23. f4 Bxb5 24. f5 Bxd3 25. cxd3 exf5 26. Rxf5 Qb6+ 27. Kh1 Qxg6 0-1

[Event "*** SCC Grand Prix: Titled Tuesday Blitz"]
[Site "Chess.com"]
[Date "2020.06.09"]
[Round "7"]
[White "rakshi2005"]
[Black "Irishchessman16"]
[Result "0-1"]
[WhiteElo "2325"]
[BlackElo "2468"]
[TimeControl "180+1"]
[EndTime "10:18:06 PDT"]
[Termination "Irishchessman16 won by resignation"]

1. e4 c5 2. Nf3 Nc6 3. d4 cxd4 4.
Nxd4 Nf6 5. Nc3 e5 6. Nf3 Bb4 7. Bd3 d5 8. O-O Bxc3 9. exd5 e4 10. Bb5 Nxd5 11. bxc3 exf3 12. c4 Nc3 13. Qe1+ Ne2+ 14. Kh1 O-O 15. gxf3 Ncd4 16. Rg1 Re8 17. Bb2 Nxg1 18.
Qxg1 Ne6 19. Re1 g6 20. Qg3 Bd7 21. Rd1 Nc5 22. Bxd7 Nxd7 23. Qg4 f5 24. Qd4 Nf6 25. Qxd8 Raxd8 26. Rxd8 Rxd8 27. Bxf6 Rd2 28. Kg2 Rxc2 29. a4 Rxc4 30. a5 Rc5 31. Bd4 Rxa5 0-1

[Event "*** SCC Grand Prix: Titled Tuesday Blitz"]
[Site "Chess.com"]
[Date "2020.06.09"]
[Round "7"]
[White "vinniethepooh"]
[Black "Ekka83"]
[Result "1-0"]
[WhiteElo "2556"]
[BlackElo "2393"]
[TimeControl "180+1"]
[EndTime "10:18:07 PDT"]
[Termination "vinniethepooh won by resignation"]

1. d4 f5 2. c4 Nf6 3. g3 g6 4. Bg2 Bg7 5. Nf3 O-O 6. b3 d6 7. Bb2 e6 8. O-O Nc6 9. Nbd2 Qe8 10. Re1 e5 11. e4 f4 12. gxf4 exd4 13. e5 dxe5 14.
Nxe5 Nxe5 15. fxe5 Ng4 16. Bxd4 Rf4 17. Ne4 Be6 18.
Nf6+ Bxf6 19. exf6 c6 20. Qd2 Rf5 21. Bh3 h5 22.
Bxg4 hxg4 23. Qh6 Qf7 24. Rxe6 Rh5 25. Qg7+ Qxg7 26. fxg7 1-0

[Event "*** SCC Grand Prix: Titled Tuesday Blitz"]
[Site "Chess.com"]
[Date "2020.06.09"]
[Round "7"]
[White "pfalcon1949"]
[Black "Chuchofrio1"]
[Result "1-0"]
[WhiteElo "1937"]
[BlackElo "2184"]
[TimeControl "180+1"]
[EndTime "10:18:07 PDT"]
[Termination "pfalcon1949 won by resignation"]

1. d4 d5 2. c4 e6 3. Nc3 Nf6 4. cxd5 exd5 5. Bg5 c6 6. e3 Be7 7. Bd3 Nbd7 8. Nge2 O-O 9. Qc2 Re8 10. O-O Nf8 11. Rae1 Be6 12. Kh1 Rc8 13. f3 N6d7 14. Bxe7 Qxe7 15.
e4 dxe4 16. fxe4 c5 17. e5 Qh4 18. d5 Bg4 19. e6 fxe6 20. dxe6 Bxe6 21. Nf4 Bf7 22. g3 Qh6 23. Qf2 Ne5 24. Bf5 Rc7 25.
Ncd5 Rc6 26. b3 b6 27. a4 Rd6 28.
Be4 g5 29. Nd3 Nxd3 30. Qxf7+ Kh8 31. Qxe8 Kg8 32. Bxd3 Rxd5 33. Bc4 Qd6 34. Rxf8+ Qxf8 35. Bxd5+ 1-0

[Event "*** SCC Grand Prix: Titled Tuesday Blitz"]
[Site "Chess.com"]
[Date "2020.06.09"]
[Round "7"]
[White "FrogMist"]
[Black "UCantHandleDenker"]
[Result "0-1"]
[WhiteElo "2376"]
[BlackElo "2521"]
[TimeControl "180+1"]
[EndTime "10:18:08 PDT"]
[Termination "UCantHandleDenker won by resignation"]

1. e4 d6 2. d4 Nf6 3. Nc3 g6 4. Nf3 Bg7 5. Be3 O-O 6. Qd2 c6 7. Bh6 b5 8. Bd3 Nbd7 9. h4 e5 10. dxe5 dxe5 11. O-O-O Qe7 12. Qg5 Bxh6 13. Qxh6 Ng4 14.
Qd2 h5 15. Ng5 Nc5 16. Bf1 b4 17. Nb1 Be6 18. f3 Rad8 19. Qe1 Rxd1+ 20. Kxd1 Rd8+ 21. Kc1 Nf6 22. b3 Qd6 23. Qd2 a5 24. Qxd6 Rxd6 25. Nd2 a4 26. Bc4 Nfd7 27. Bxe6 Nxe6 28. Nc4 Rd4 29. Nxe6 fxe6 30. Rd1 axb3 31. cxb3 c5 32. Kc2 Kf8 33. Ra1 Kf7 34. a3 bxa3 35. Rxa3 Kf6 36.
Ra7 Nb8 37. Rc7 Na6 38. Rc8 Nb4+ 39. Kc3 Rd3+ 40. Kb2 Rd7 41. Rxc5 Nd3+ 0-1

[Event "*** SCC Grand Prix: Titled Tuesday Blitz"]
[Site "Chess.com"]
[Date "2020.06.09"]
[Round "7"]
[White "lucachess49"]
[Black "RitvarsReimanis"]
[Result "1-0"]
[WhiteElo "2371"]
[BlackElo "2472"]
[TimeControl "180+1"]
[EndTime "10:18:08 PDT"]
[Termination "lucachess49 won by resignation"]

1. d4 Nf6 2. c4 e6 3. Nc3 d5 4. cxd5 exd5 5. Bg5 Be7 6. e3 c6 7. Bd3 Nbd7 8. Nf3 O-O 9. O-O Re8 10. h3 Nf8 11. Qc2 Ng6 12. Bxf6 Bxf6 13. b4 a6 14. a4 Be6 15. b5 cxb5 16. axb5 a5 17. b6 Qxb6 18. Rfb1 Qd6 19. Rxb7 Rec8 20. Qd2 Qc6 21. Rb3 a4 22. Rba3 Be7 23. Rxa4 Rxa4 24. Nxa4 Ra8 25. Qc2 Bd7 26. Qxc6 Bxc6 27. Bc2 f6 28. Ra2 Bb4 29. Bb3 Kf8 30. Nb6 Rxa2 31. Bxa2 Ne7 32. Bb3 Ba5 33. Na4 Nc8 34. Nc5 Bb6 35.
Ne1 Nd6 36. Ned3 Ke7 37. Nb4 Ba8 38. Bxd5 Bxc5 1-0

[Event "*** SCC Grand Prix: Titled Tuesday Blitz"]
[Site "Chess.com"]
[Date "2020.06.09"]
[Round "7"]
[White "NewBornNow"]
[Black "PlayChessSimple"]
[Result "1-0"]
[WhiteElo "2709"]
[BlackElo "2508"]
[TimeControl "180+1"]
[EndTime "10:18:11 PDT"]
[Termination "NewBornNow won on time"]

1. e4 e6 2. d4 d5 3. Nc3 Nf6 4. e5 Nfd7 5. f4 c5 6. Nf3 Nc6 7. Ne2 Qb6 8. c3 f6 9. a3 a5 10. Ng3 a4 11. Bd3 f5 12. Ne2 Na5 13. h3 Nb3 14.
Rb1 Nb8 15. Be3 Nc6 16. g4 Nca5 17. gxf5 exf5 18. h4 Be6 19. h5 O-O-O 20. Qc2 Nc4 21. Bf2 Kb8 22. Bxf5 Bxf5 23. Qxf5 cxd4 24. cxd4 Qa5+ 25.
Kf1 Nbd2+ 26. Nxd2 Nxd2+ 27. Kg2 Nxb1 28. Qxb1 Be7 29.
Nc3 Bxa3 30. bxa3 Qxc3 31. Rh3 Qd2 32. f5 Qe2 33. Rg3 Rd7 34. e6 Rc7 35. Re3 Qxh5 36. Bg3 Rc8 37. e7 Ka8 38. Bxc7 Qg5+ 39. Kf2 Qh4+ 40. Bg3 Qxd4 41. Kf3 1-0

[Event "*** SCC Grand Prix: Titled Tuesday Blitz"]
[Site "Chess.com"]
[Date "2020.06.09"]
[Round "7"]
[White "OdChessWorld"]
[Black "DrKozerov"]
[Result "1-0"]
[WhiteElo "2785"]
[BlackElo "2596"]
[TimeControl "180+1"]
[EndTime "10:18:12 PDT"]
[Termination "OdChessWorld won by resignation"]

1. c4 b6 2. Nc3 Bb7 3. d4 Nf6 4.
Nf3 e6 5. g3 d5 6. cxd5 Nxd5 7.
Bg2 Nd7 8. O-O c5 9. e4 Nxc3 10. bxc3 Bxe4 11. Re1 Bd5 12. c4 Bxc4 13. Nd2 Ba6 14.
Qa4 Bd3 15. d5 b5 16. Qg4 Nf6 17. Qf3 c4 18. dxe6 Rc8 19. Qb7 Be7 20. Ba3 Rc7 21. Qxb5+ Kf8 22. Bxe7+ Rxe7 23. Nxc4 fxe6 24. Rad1 Qd4 25.
Qb8+ Re8 26. Qd6+ Qxd6 27. Nxd6 Bc2 28. Nxe8 Kxe8 29. Rc1 1-0

[Event "*** SCC Grand Prix: Titled Tuesday Blitz"]
[Site "Chess.com"]
[Date "2020.06.09"]
[Round "7"]
[White "fischercapa"]
[Black "FMOlexandrProhorov"]
[Result "1-0"]
[WhiteElo "2356"]
[BlackElo "2079"]
[TimeControl "180+1"]
[EndTime "10:18:13 PDT"]
[Termination "fischercapa won on time"]

1. e4 c5 2. Nf3 e6 3. d4 cxd4 4. Nxd4 Qb6 5. Nb3 Nf6 6. Nc3 Bb4 7. Bd3 d5 8. exd5 Nxd5 9. Bd2 Nxc3 10. bxc3 Be7 11. Qh5 g6 12. Qe5 O-O 13. Bh6 f6 14. Qg3 Bd6 15. f4 g5 16. Bxf8 Kxf8 17. Qh3 Bxf4 18. Qxh7 Qc7 19. Qh8+ Ke7 20. O-O Nd7 21. Rae1 Nf8 22. Nd4 Qxc3 23. Nf5+ Ke8 24. Ng7+ Ke7 25. Nf5+ Ke8 26. Qh5+ Kd8 27. Qf7 1-0

[Event "*** SCC Grand Prix: Titled Tuesday Blitz"]
[Site "Chess.com"]
[Date "2020.06.09"]
[Round "7"]
[White "aNaartjieZA"]
[Black "TigrVShlyape"]
[Result "0-1"]
[WhiteElo "2581"]
[BlackElo "2885"]
[TimeControl "180+1"]
[EndTime "10:18:14 PDT"]
[Termination "TigrVShlyape won by resignation"]

1. e4 c5 2. Nf3 e6 3. d3 b6 4. g3 Bb7 5. Bg2 Be7 6. O-O d6 7.
Re1 Nd7 8. Nbd2 Ngf6 9. c3 O-O 10. a4 Qc7 11. Qe2 Rfe8 12. h3 Bf8 13. g4 Rac8 14.
g5 Nh5 15. Nf1 g6 16. N3h2 e5 17. Ng4 Bg7 18. Qf3 Rf8 19. Ng3 Nxg3 20. fxg3 f5 21. gxf6 Nxf6 22. Nxf6+ Rxf6 23. Qe2 Rcf8 24. Be3 R6f7 25.
Rf1 h5 26. h4 Bc8 27. Rxf7 Qxf7 28. c4 a5 29. Rf1 Qe8 30. b3 Kh7 31. Kh2 Bg4 32. Qe1 Bh6 33. Qd2 Bxe3 34. Qxe3 Rxf1 35. Bxf1 Bd1 36. Be2 Bxb3 37. g4 hxg4 38. Bxg4 Qe7 39. Kg3 Bxa4 40. h5 Bd7 41. hxg6+ Kxg6 42. Bf5+ Bxf5 43.
exf5+ Kxf5 44. Qe4+ Kf6 45. Qh4+ Kf7 46. Qh7+ Ke8 47.
Qg6+ Kd7 48. Qf5+ Kc7 49. Qf3 Qe8 50. Kf2 a4 51. Ke2 a3 0-1

[Event "*** SCC Grand Prix: Titled Tuesday Blitz"]
[Site "Chess.com"]
[Date "2020.06.09"]
[Round "7"]
[White "mbachez"]
[Black "manmanlai1"]
[Result "1-0"]
[WhiteElo "2533"]
[BlackElo "2389"]
[TimeControl "180+1"]
[EndTime "10:18:15 PDT"]
[Termination "mbachez won by resignation"]

1. e4 c5 2. Nf3 e6 3. g3 Nc6 4. Bg2 Nf6 5. Qe2 e5 6. O-O Be7 7. Na3 O-O 8. d3 Re8 9. c3 h6 10. Nc4 Bf8 11. a4 d6 12. Nh4 Be6 13. Ne3 d5 14.
Nef5 Kh7 15. f4 dxe4 16. dxe4 exf4 17. gxf4 g6 18. Ne3 Nh5 19. Nhf5 Ne7 20. Rd1 Qc7 21. Nxe7 Rxe7 22. f5 Nf4 23. Qf2 Bd7 24. fxg6+ fxg6 25. Nd5 Nxd5 26. exd5 Qe5 27. Bf4 Qh5 28. Re1 Rf7 29. Qg3 Bg7 30. Be5 Raf8 31. Bxg7 Rxg7 32. Re5 Bf5 33.
Rae1 b6 34. d6 Rd7 35. Re7+ Rxe7 36. Rxe7+ Kh8 37. Qe5+ 1-0

[Event "*** SCC Grand Prix: Titled Tuesday Blitz"]
[Site "Chess.com"]
[Date "2020.06.09"]
[Round "7"]
[White "Alopekos"]
[Black "BaMBoMaTTo"]
[Result "0-1"]
[WhiteElo "2493"]
[BlackElo "2644"]
[TimeControl "180+1"]
[EndTime "10:18:16 PDT"]
[Termination "BaMBoMaTTo won on time"]

1. e4 c5 2. Nc3 a6 3. Nf3 d6 4.
d4 cxd4 5. Nxd4 Nf6 6. Be3 Ng4 7. Bg5 h6 8. Bc1 Nf6 9. f3 e5 10. Nb3 Be6 11. Be3 Be7 12. Qd2 Nbd7 13. O-O-O b5 14. Kb1 b4 15. Nd5 Bxd5 16. exd5 Nb6 17. Na5 Nbxd5 18. Nc6 Qc7 19. Nxe7 Kxe7 20. Bf2 Rhc8 21. Bd3 Kf8 22. Ka1 a5 23. Bf5 Rcb8 24. Bh4 Ra6 25. Be4 Nxe4 26. fxe4 Nf4 27. Rhf1 Rc8 28. Rf2 Rc6 29.
Kb1 Kg8 30. Rdf1 f6 31. g3 Ne6 32. Bxf6 Nd4 33. Rc1 Rf8 34. Bh4 Rxf2 35. Qxf2 g5 36. Rf1 Qg7 37. Bxg5 hxg5 38. Rc1 Qg6 0-1

[Event "*** SCC Grand Prix: Titled Tuesday Blitz"]
[Site "Chess.com"]
[Date "2020.06.09"]
[Round "7"]
[White "Shota_Azaladze"]
[Black "Natalya_Buksa"]
[Result "1-0"]
[WhiteElo "2788"]
[BlackElo "2569"]
[TimeControl "180+1"]
[EndTime "10:18:17 PDT"]
[Termination "Shota_Azaladze won by resignation"]

1. Nf3 d5 2. g3 Nf6 3. Bg2 e6 4. O-O Be7 5. d3 O-O 6. Nbd2 Nc6 7. e4 dxe4 8. dxe4 e5 9. c3 b6 10. Re1 a5 11. Nc4 Bd6 12. Nxd6 Qxd6 13. Qxd6 cxd6 14. Bg5 Be6 15. Red1 Rfd8 16. a4 Kf8 17. Nd2 h6 18. Bxf6 gxf6 19. Nf1 Ne7 20. Ne3 Rac8 21. Rd2 Rc6 22. Bf1 Rc5 23. c4 Nc6 24. b3 Ke7 25.
Rad1 Rd7 26. g4 Rd8 27. h3 Rd7 28. Kh2 Rd8 29. Kg3 Rd7 30. Bg2 Nd4 31. Rxd4 exd4 32.
Rxd4 Rd8 33. f4 Rb8 34. f5 Rbc8 35. fxe6 fxe6 36. Rd2 h5 37. Bf3 Rg8 38. Kf4 h4 39. Ng2 Rh8 40. Ke3 Re5 41. Nf4 Rg5 42. Rb2 Rc8 43. Ng2 Rh8 44. b4 Kd7 45. bxa5 Rxa5 46.
Bd1 Kc7 47. Rb5 Rxb5 48. cxb5 Kd7 49. Bb3 Rc8 50. Kd2 f5 51. exf5 exf5 52. g5 Rh8 53. g6 d5 54. Bxd5 Rd8 55. g7 Ke7 56. g8=Q Rxg8 57. Bxg8 Kd6 58. Nxh4 1-0

[Event "*** SCC Grand Prix: Titled Tuesday Blitz"]
[Site "Chess.com"]
[Date "2020.06.09"]
[Round "7"]
[White "ChessQueen"]
[Black "Semetey"]
[Result "0-1"]
[WhiteElo "2659"]
[BlackElo "2540"]
[TimeControl "180+1"]
[EndTime "10:18:17 PDT"]
[Termination "Semetey won by resignation"]

1. e4 g6 2. d4 Bg7 3. Nc3 c6 4. Bc4 d6 5. Nf3 Nf6 6. O-O d5 7. exd5 cxd5 8. Bb5+ Bd7 9. Be2 Bg4 10. Ne5 Bxe2 11. Qxe2 O-O 12. f4 Nc6 13. Be3 e6 14. a3 Rc8 15. Rf3 Qb6 16. Na4 Nxd4 17. Nxb6 Nxe2+ 18. Kf2 axb6 19. Kxe2 Rxc2+ 20. Kf1 Rxb2 21. Bd4 Rc2 22. Bxb6 Ne4 23. Rd3 Rfc8 24. Be3 Rb2 25. Bd4 Rd2 26. Rd1 Rcc2 27. R1xd2 Nxd2+ 28. Ke1 Nc4 29. Rb3 f6 30. Nd7 e5 31. fxe5 fxe5 32. Bf2 d4 33. Rxb7 d3 34. Bc5 d2+ 35. Ke2 Rc1 0-1

[Event "*** SCC Grand Prix: Titled Tuesday Blitz"]
[Site "Chess.com"]
[Date "2020.06.09"]
[Round "7"]
[White "Maksimus1998"]
[Black "Kopytkin"]
[Result "0-1"]
[WhiteElo "2499"]
[BlackElo "2345"]
[TimeControl "180+1"]
[EndTime "10:18:18 PDT"]
[Termination "Kopytkin won by resignation"]

1. e4 Nf6 2. e5 Nd5 3. Nc3 Nxc3 4. dxc3 d5 5. c4 Be6 6. cxd5 Qxd5 7. Qxd5 Bxd5 8. c4 Bc6 9. f4 e6 10. Be3 Nd7 11. Kf2 Nc5 12. Nf3 Ne4+ 13. Ke1 Bb4+ 14. Kd1 O-O-O+ 15. Kc2 Bc5 16. Bxc5 Nxc5 17. Ng5 Rd7 18. Rd1 Rhd8 19. Rxd7 Rxd7 20. Be2 h6 21. Nf3 Be4+ 22. Kc3 Na4+ 23. Kb3 Nc5+ 24. Kc3 Na4+ 25. Kb3 Nc5+ 26. Ka3 Nd3 27. g3 Bxf3 28. Bxf3 Nf2 29. Bxb7+ Kxb7 30. Rf1 Ng4 31. h3 Ne3 32. Rc1 c5 33. b4 Rd3+ 34. Ka4 cxb4 35. Kxb4 Kc6 36. a4 Nf5 37. g4 Nd4 38. a5 Rb3+ 39. Ka4 Kc5 40. Rd1 Rb7 41. a6 Rc7 42. Rb1 Nc6 43. Rc1 Rd7 44. Rb1 Rd4 45. Rb7 Rxc4+ 46. Ka3 Rxf4 47.
Kb3 g6 48. Kc3 h5 49. gxh5 gxh5 50. Rc7 Kd5 51. Rd7+ Kxe5 52. Rc7 Kd5 0-1

[Event "*** SCC Grand Prix: Titled Tuesday Blitz"]
[Site "Chess.com"]
[Date "2020.06.09"]
[Round "7"]
[White "Colchonero64"]
[Black "LittlePeasant"]
[Result "1-0"]
[WhiteElo "2998"]
[BlackElo "2814"]
[TimeControl "180+1"]
[EndTime "10:18:19 PDT"]
[Termination "Colchonero64 won on time"]

1. d4 Nf6 2. Nf3 c5 3. d5 b5 4.
Bg5 Ne4 5. Bh4 Bb7 6. a4 bxa4 7. Rxa4 Nf6 8. e4 g6 9. Nc3 d6 10. e5 dxe5 11. Bb5+ Nfd7 12. Nxe5 Bg7 13. Nxd7 Nxd7 14. Re4 O-O 15. Bxe7 Bxc3+ 16. bxc3 Re8 17. d6 Bxe4 18. Bxd8 Bd3+ 19. Be7 Bxb5 20. f3 Ne5 21. Kf2 Nc6 22. Bg5 Ne5 23. h4 h5 24. Bf6 Re6 25. Bg5 Rae8 26.
Kg3 Nd7 27. Be7 Bc6 28. Re1 Ne5 29. Qc1 Kg7 30. c4 f6 31. f4 1-0

[Event "*** SCC Grand Prix: Titled Tuesday Blitz"]
[Site "Chess.com"]
[Date "2020.06.09"]
[Round "7"]
[White "ehrenfeld"]
[Black "kleopl"]
[Result "0-1"]
[WhiteElo "2493"]
[BlackElo "2361"]
[TimeControl "180+1"]
[EndTime "10:18:19 PDT"]
[Termination "kleopl won on time"]

1. e4 d5 2. exd5 Qxd5 3. Nc3 Qd6 4. Nf3 Nf6 5. d4 c6 6. Ne5 Nbd7 7. Nc4 Qc7 8. g3 Nb6 9. Bf4 Qd8 10. Ne5 Bf5 11. Bg2 e6 12. O-O Be7 13. g4 Bg6 14. h4 Nfd5 15.
Nxd5 Nxd5 16. Bxd5 Qxd5 17. h5 f6 18. hxg6 fxe5 19. dxe5 hxg6 20. Qxd5 cxd5 21. Kg2 Rc8 22. c3 Rc4 23. Bg3 Rxg4 24. Rh1 Rxh1 25. Rxh1 Ra4 26.
Rh8+ Bf8 27. a3 Ra6 28. Rh4 Rb6 29. c4 dxc4 30. Rxc4 Rxb2 31. Rc8+ Kf7 32. a4 Be7 33. Rc7 g5 34. Kf3 Rb4 35. a5 Ke8 36. Ke2 Kd8 37.
Rc2 Rb5 38. Ra2 Bb4 39. a6 b6 40. Kd3 Ra5 41. Rxa5 bxa5 42. f3 Bc5 43. Kc4 Be3 44. Be1 Kd7 45. Bxa5 Kc6 0-1

[Event "*** SCC Grand Prix: Titled Tuesday Blitz"]
[Site "Chess.com"]
[Date "2020.06.09"]
[Round "7"]
[White "margarita_2703"]
[Black "MYMChessAcademy"]
[Result "1-0"]
[WhiteElo "2338"]
[BlackElo "2366"]
[TimeControl "180+1"]
[EndTime "10:18:19 PDT"]
[Termination "margarita_2703 won on time"]

1. Nf3 Nf6 2. d4 g6 3. c4 Bg7 4. Nc3 O-O 5. e4 d6 6. Be2 e5 7.
O-O Nc6 8. d5 Ne7 9. b4 Kh8 10.
a4 Neg8 11. c5 Nh5 12. Re1 f5 13. Nd2 Nf4 14. Bf1 Qg5 15. Kh1 Nf6 16. g3 Ng4 17. Qf3 Qh5 18. h4 fxe4 19. Ndxe4 Nh3 20. Qg2 Ngxf2+ 21.
Nxf2 Rxf2 22. Qe4 Bg4 23. Bg2 Raf8 24. Re3 Rf1+ 25. Kh2 Nf2 26. Qc4 Nd1 27. Nxd1 Rxd1 28. Bb2 Rd2 29. Bc3 Rc2 30. Rg1 Rff2 31. Qd3 Bh6 32. Be1 Bxe3 33. Qxe3 1-0

[Event "*** SCC Grand Prix: Titled Tuesday Blitz"]
[Site "Chess.com"]
[Date "2020.06.09"]
[Round "7"]
[White "Bulldog167"]
[Black "BogdanBelyakov89"]
[Result "1-0"]
[WhiteElo "2791"]
[BlackElo "2637"]
[TimeControl "180+1"]
[EndTime "10:18:21 PDT"]
[Termination "Bulldog167 won by resignation"]

1. d4 Nf6 2. c4 g6 3. Nc3 Bg7 4. e4 d6 5. h3 O-O 6. Be3 c5 7. Nf3 cxd4 8. Nxd4 b6 9. Qd2 Bb7 10. f3 Nc6 11. Nxc6 Bxc6 12. h4 h5 13. Bh6 Kh7 14.
Bxg7 Kxg7 15. O-O-O Qc8 16. Kb1 Qe6 17. g3 Qe5 18. Rg1 Rac8 19. Qd4 Qxd4 20. Rxd4 Nd7 21. Bh3 Rc7 22. Bxd7 Rxd7 23. Rgd1 Rc7 24. b3 f5 25. f4 fxe4 26. Nxe4 Bxe4+ 27. Rxe4 Kf6 28. Rd5 Rc5 29. Rg5 Rd8 30. Kc2 d5 31. Rd4 e6 32. Kd2 a5 33.
Ke3 b5 34. cxd5 exd5 35. f5 gxf5 36. Kf4 Rc2 37. Rxf5+ Ke6 38. Re5+ Kf6 39. Rxh5 Rf2+ 40. Ke3 Rxa2 41. Rdxd5 Rxd5 42. Rxd5 b4 43. Kf4 Ra3 44. g4 Ke6 45. Rb5 Ra1 46. h5 Kd6 47. h6 Ke6 48. h7 Rh1 49. Rh5 Rf1+ 50. Ke4 Rf8 51. h8=Q Rxh8 52. Rxh8 1-0

[Event "*** SCC Grand Prix: Titled Tuesday Blitz"]
[Site "Chess.com"]
[Date "2020.06.09"]
[Round "7"]
[White "Fh2411"]
[Black "DaggiGretarsson"]
[Result "1-0"]
[WhiteElo "2452"]
[BlackElo "2590"]
[TimeControl "180+1"]
[EndTime "10:18:21 PDT"]
[Termination "Fh2411 won on time"]

1. d4 g6 2. Nf3 Bg7 3. g3 d5 4. Bg2 Nf6 5. O-O O-O 6. c3 a5 7. a4 b6 8. Bg5 Ba6 9. Nbd2 Nbd7 10. Re1 h6 11. Bxf6 Nxf6 12. Ne5 c5 13. Nb3 Qc7 14. f4 Rfd8 15. Qc1 Rac8 16. Qe3 e6 17. h3 Ne8 18.
h4 h5 19. Qf3 Nf6 20. e3 Ne4 21. Red1 Kh7 22. Nd2 Nd6 23. Qf2 f6 24. Nef3 Re8 25. Bh3 Rcd8 26. g4 hxg4 27. Bxg4 Bh6 28. Qh2 Qg7 29.
Ng5+ fxg5 30. hxg5 Rh8 31. Kf2 Kg8 32. Bxe6+ Nf7 33.
Rh1 Bxg5 34. Qxh8+ Qxh8 35. Rxh8+ Kxh8 36. Bxf7 Bh4+ 37. Kf3 Kg7 38. Rh1 1-0

[Event "*** SCC Grand Prix: Titled Tuesday Blitz"]
[Site "Chess.com"]
[Date "2020.06.09"]
[Round "7"]
[White "SCIM"]
[Black "ChessyInstinct"]
[Result "1-0"]
[WhiteElo "2545"]
[BlackElo "2393"]
[TimeControl "180+1"]
[EndTime "10:18:21 PDT"]
[Termination "SCIM won by resignation"]

1. d4 d5 2. c4 c6 3. Nf3 Nf6 4. e3 e6 5. b3 Nbd7 6. Bd3 Bd6 7. Bb2 b6 8. O-O Bb7 9. Nc3 Qe7 10. Qe2 c5 11.
cxd5 exd5 12. dxc5 bxc5 13. Ba6 Bc6 14. Bb5 Bb7 15.
Ba6 Bc6 16. Nb5 Bb8 17. Rac1 O-O 18. Rfd1 d4 19. Nbxd4 cxd4 20. Rxc6 dxe3 21. Bb7 exf2+ 22. Qxf2 Bf4 23. Re1 Qb4 24. Bxa8 Ng4 25. Qd4 Qxe1+ 26. Nxe1 Be3+ 27. Qxe3 Nxe3 28. Rd6 Nc5 29. Bf3 Nf5 30. Rd5 1-0

[Event "*** SCC Grand Prix: Titled Tuesday Blitz"]
[Site "Chess.com"]
[Date "2020.06.09"]
[Round "7"]
[White "attack2mateU"]
[Black "NIGWAPO"]
[Result "0-1"]
[WhiteElo "2690"]
[BlackElo "2566"]
[TimeControl "180+1"]
[EndTime "10:18:22 PDT"]
[Termination "NIGWAPO won by resignation"]

1. e4 g5 2. d4 d5 3. exd5 Qxd5 4.
Nc3 Qe6+ 5. Be2 h6 6. Nf3 c6 7. O-O Bg7 8. Re1 Nf6 9. Ne5 Qd6 10.
Bc4 O-O 11. Be3 Nbd7 12. f4 Nd5 13. Bxd5 cxd5 14. Nxd7 Bxd7 15. fxg5 hxg5 16. Bxg5 Rfe8 17. Qd2 Bf5 18. Bf4 Qb4 19. Be5 f6 20. Bf4 Qxb2 21.
Nxd5 Rad8 22. Rab1 Qxc2 23. Qa5 b6 24. Qb5 Bd3 25.
Ne3 Qxb1 26. Qxb1 Bxb1 27. Rxb1 Rxd4 28. Bg3 e6 29. Rc1 Bh6 30. Bf2 Rd2 31. Rc7 Bxe3 32.
Bxe3 Rxa2 33. h4 e5 34. h5 f5 35. Bg5 Rf8 36. h6 Rf7 37. Rc8+ Kh7 38. Kh2 f4 39. Kh3 Ra3+ 40. Kh4 Rg3 41. Rc6 Rxg2 42. Kh5 f3 43. Bf6 Rh2+ 0-1

[Event "*** SCC Grand Prix: Titled Tuesday Blitz"]
[Site "Chess.com"]
[Date "2020.06.09"]
[Round "7"]
[White "Synctel"]
[Black "mr65"]
[Result "0-1"]
[WhiteElo "1900"]
[BlackElo "2160"]
[TimeControl "180+1"]
[EndTime "10:18:22 PDT"]
[Termination "mr65 won on time"]

1. e4 e5 2. Nf3 Nc6 3. Bc4 Nf6 4. d4 exd4 5. e5 d5 6. Bb5 Ne4 7. Nxd4 Bc5 8. Be3 Bd7 9. Bxc6 bxc6 10. O-O O-O 11.
f3 Ng5 12. Qd2 Ne6 13. c3 f6 14. Nxe6 Bxe3+ 15. Qxe3 Bxe6 16. Nd2 fxe5 17. Qxe5 Qd6 18. Rfe1 Rae8 19. Qd4 c5 20. Qa4 a6 21. Rad1 Bd7 22. Qa5 Rxe1+ 23. Rxe1 Re8 24. Rxe8+ Bxe8 25. Kf2 Bb5 26.
a4 Bd3 27. Nf1 Bxf1 28. Kxf1 d4 29. cxd4 cxd4 30. Qd2 Kf7 31. Qd3 g6 32. g3 c5 33.
b3 Qe6 34. Kf2 a5 35. g4 Qe5 36. Kg2 Kf6 37. Qa6+ Kg5 38. Qd3 Qe3 39. Qc4 Qd2+ 40.
Kg3 Qf4+ 41. Kg2 Kh4 42. Qxc5 Qd2+ 43. Kg1 Kh3 0-1